 Dungeon Crawl Stone Soup version 0.28-a0-895-g6e5f11bd55 (webtiles) character file.

Game seed: 3522528061718910110

3143 vineage the Fighter (level 9, -1/60 HPs)
             Began as a Gargoyle Fighter on Nov 22, 2021.
             Was a Believer of Okawaru.
             Slain by a fire elemental (8 damage)
             ... summoned by a deep elf pyromancer
             ... on level 8 of the Dungeon.
             The game lasted 00:13:28 (10666 turns).

vineage the Fighter (Gargoyle Fighter)             Turns: 10666, Time: 00:13:29

Health: -1/60      AC: 19    Str: 21    XL:     9   Next: 93%
Magic:  8/9        EV:  3    Int:  8    God:    Okawaru [**....]
Gold:   477        SH: 14    Dex: 12    Spells: 8/8 levels left

rFire   . . .      SeeInvis .   r - +1 flail (holy)
rCold   + . .      Faith    .   k - +0 tower shield
rNeg    + . .      Spirit   .   j - +0 plate armour
rPois   ∞          Reflect  .   (no helmet)
rElec   +          Harm     .   w - scarf {repulsion}
rCorr   .          Rampage  .   (no gloves)
Will    .....                   (no boots)
Stlth   ..........              (no amulet)
HPRegen 0.20/turn               l - ring of protection from cold
MPRegen 0.11/turn               (no ring)

@: about to teleport, repel missiles
A: sickness immunity, AC +6, negative energy resistance 1, electricity
resistance, torment resistance 1, petrification resistance
a: Renounce Religion, Heroism


You were on level 8 of the Dungeon.
You worshipped Okawaru.
Okawaru was pleased with you.
You visited 2 branches of the dungeon, and saw 9 of its levels.
You also visited: Sewer.

You collected 477 gold pieces.

Inventory:

Hand Weapons
 a - a +0 flail of electrocution
 o - the +8 battleaxe of Equivalence {protect, rF+}
   (You found it on level 5 of the Dungeon)

   It grants its wielder temporary protection when it strikes (+7 to AC).
   rF:        It protects you from fire.
 r - a +1 flail of holy wrath (weapon)
Armour
 j - a +0 plate armour (worn)
 k - a +0 tower shield (worn)
 q - a +0 ring mail of cold resistance
 w - a scarf of repulsion (worn)
Jewellery
 c - a ring of ice
 l - a ring of protection from cold (left hand)
Scrolls
 f - a scroll of amnesia {unknown}
 n - 2 scrolls of teleportation
 p - a scroll of brand weapon
 t - 2 scrolls of fog
 u - a scroll of enchant weapon {unknown}
 v - 2 scrolls of acquirement {unknown}
 y - a scroll of identify
Potions
 b - 2 potions of magic
 d - a potion of curing {unknown}
 e - a potion of invisibility
 g - a potion of heal wounds {unknown}
 h - a potion of mutation {unknown}
 i - 3 potions of resistance
 m - 3 potions of flight
 s - a potion of lignification {unknown}
 x - 4 potions of brilliance


   Skills:
 * Level 9.2 Fighting
 * Level 8.1 Maces & Flails
 + Level 6.9 Armour
 + Level 6.9 Shields


You had 8 spell levels left.
You didn't know any spells.
Your spell library contained the following spells:

 Spells                   Type           Power      Damage    Failure   Level
 Pain                     Necr           0%         1d4       100%        1
 Conjure Flame            Conj/Fire      0%         6-21      100%        3
 Frozen Ramparts          Ice            0%         1d2       100%        3
 Ignite Poison            Fire/Tmut/Pois 0%         N/A       100%        3
 Vampiric Draining        Necr           0%         2d6       100%        3
 Ice Form                 Ice/Tmut       0%         N/A       100%        4
 Sticky Flame             Conj/Fire      0%         2d3       100%        4
 Animate Skeleton         Necr           Unusable   N/A       N/A         1
 Summon Small Mammal      Summ           Unusable   N/A       N/A         1
 Call Canine Familiar     Summ           Unusable   N/A       N/A         3
 Summon Guardian Golem    Hex/Summ       Unusable   N/A       N/A         3
 Summon Ice Beast         Ice/Summ       Unusable   N/A       N/A         4

Dungeon Overview and Level Annotations

Branches:
Dungeon (8/15)             Temple (1/1) D:6           Sewer (visited)
   Lair: D:8-11

Altars:
Okawaru
Uskayaw
Xom

Shops:
D:5 [!

Annotations:
D:7 Duvessa


Innate Abilities, Weirdness & Mutations

You are immune to sickness and miasma.
Your stone body is resilient. (AC +6)
You are immune to poison.
You resist negative energy. (rN+)
You are resistant to electric shocks. (rElec)
You are resistant to unholy torment.
You are immune to petrification.


Message History

The deep elf pyromancer casts a spell.
You closely miss the deep elf pyromancer.
You block the deep elf pyromancer's attack.
The fire elemental hits you. The fire elemental burns you!
You block the deep elf pyromancer's attack.
You thump the deep elf pyromancer!
The deep elf pyromancer is moderately wounded.
You block the fire elemental's attack.
The deep elf pyromancer mumbles some strange words.
You thump the deep elf pyromancer!
The deep elf pyromancer is moderately wounded.
The fire elemental closely misses you. You block the fire elemental's attack.
The deep elf pyromancer hits you with a +1 rapier of protection.
You hit the deep elf pyromancer but do no damage.
The deep elf pyromancer is moderately wounded.
You feel like a meek peon again. You block the fire elemental's attack.
The deep elf pyromancer gestures wildly while chanting.
The deep elf pyromancer blinks!
You sock the fire elemental!
The fire elemental is moderately damaged.
You block the fire elemental's attack. The fire elemental hits you.
The fire elemental burns you! The fire elemental hits you.
The fire elemental burns you! You block the fire elemental's attack.
The fire elemental hits you. The fire elemental burns you!
You are too injured to fight recklessly!
You are too injured to fight recklessly!
You are too injured to fight recklessly!
You are too injured to fight recklessly!
You are too injured to fight recklessly!
You are too injured to fight recklessly!
You are too injured to fight recklessly!
The fire elemental hits you. The fire elemental burns you!
* * * LOW HITPOINT WARNING * * *
As you read the scroll of teleportation, it crumbles to dust.
You feel strangely unstable.
You block the fire elemental's attack. x2
You block the fire elemental's attack. The fire elemental hits you.
* * * LOW HITPOINT WARNING * * *
The fire elemental burns you!
You die...

#.....#...)'...#....
#....<+....#...#...#
#....#..###..)))###
#..#####..####
#####.###...##
#.....##...##
#.###....###
#.##...### ##E@..###
#☼E.### #E### #○○°e#
#.###.# #.. ###


You could see 3 fire elementals.

Vanquished Creatures
  A hornet (D:7)
  Edmund (D:5)
  6 orc warriors
  A black bear (D:8)
  An ogre (D:8)
  A sky beast (D:8)
  3 ice beasts
  2 necrophages
  A phantom (D:6)
  2 bullfrogs (D:6)
  2 scorpions (D:4)
  Dowan (D:7)
  2 water moccasin skeletons
  3 wights (D:8)
  3 howler monkeys
  A centaur zombie (D:8)
  2 jellies
  3 hounds
  2 centaur skeletons
  3 orc priests
  A bullfrog skeleton (D:6)
  3 iguanas
  An orc wizard (D:8)
  A merfolk avatar (Sewer)
  A merfolk siren (Sewer)
  A killer bee zombie (D:7)
  3 gnolls (D:3)
  5 adders
  A river rat (Sewer)
  A shadow imp (D:6)
  A white imp (D:7)
  2 ufetubi
  2 adder skeletons
  3 worms
  4 dart slugs
  30 orcs
  2 bats
  7 endoplasms
  12 giant cockroaches
  9 goblins
  8 hobgoblins
  8 jackals
  10 quokkas
  13 ball pythons
  6 frilled lizards
  5 kobolds
  30 rats
211 creatures vanquished.

Vanquished Creatures (others)
  A water moccasin skeleton (D:6)
1 creature vanquished.

Grand Total: 212 creatures vanquished

Notes
Turn   | Place    | Note
-------+----------+-------------------------------------------
     0 | D:1      | vineage the Gargoyle Fighter began the quest for the Orb.
     0 | D:1      | Reached XP level 1. HP: 14/14 MP: 1/1
    45 | D:1      | Found a faded altar of an unknown god.
   142 | D:1      | Reached XP level 2. HP: 15/19 MP: 2/2
   738 | D:1      | Reached XP level 3. HP: 18/24 MP: 3/3
  1678 | D:2      | Reached skill level 4 in Fighting
  1698 | D:2      | Reached XP level 4. HP: 24/29 MP: 4/4
  2757 | D:3      | Reached XP level 5. HP: 34/34 MP: 5/5
  3607 | D:4      | Found a glowing drain.
  3633 | Sewer    | Entered a sewer
  4164 | Sewer    | Reached XP level 6. HP: 33/40 MP: 6/6
  4280 | Sewer    | Reached skill level 5 in Fighting
  4966 | D:4      | Reached XP level 7. HP: 44/44 MP: 7/7
  5218 | D:5      | Entered Level 5 of the Dungeon
  5218 | D:5      | Found Erut's Antique Armour Shop.
  5389 | D:5      | Identified the +8 battleaxe of Equivalence {protect, rF+}
  5470 | D:5      | Found Igyubiod's Distillery.
  5473 | D:5      | Noticed Edmund
  5480 | D:5      | Killed Edmund
  5481 | D:5      | Reached skill level 6 in Fighting
  5481 | D:5      | Reached skill level 5 in Maces & Flails
  5497 | D:5      | Reached skill level 5 in Shields
  5961 | D:6      | Reached skill level 5 in Armour
  5964 | D:6      | Reached XP level 8. HP: 47/52 MP: 8/8
  6301 | D:6      | Found a staircase to the Ecumenical Temple.
  6507 | Temple   | Entered the Ecumenical Temple
  6514 | Temple   | Became a worshipper of Warmaster Okawaru
  6830 | D:6      | Reached skill level 7 in Fighting
  7469 | D:7      | Noticed a gargoyle
  7470 | D:7      | Noticed a hornet
  8118 | D:7      | Noticed Dowan
  8122 | D:7      | Noticed Duvessa
  8136 | D:7      | Reached * piety under Okawaru
  8137 | D:7      | Reached XP level 9. HP: 58/58 MP: 9/9
  8141 | D:7      | Killed Dowan
  8151 | D:7      | HP: 1/59 [gnoll (4)]
  8603 | D:7      | Killed a hornet
  8604 | D:7      | Reached skill level 8 in Fighting
  8872 | D:7      | Found a shimmering altar of Xom.
  9205 | D:8      | Found Lilaol's CLEARANCE SALE!.
 10523 | D:8      | Reached ** piety under Okawaru
 10524 | D:8      | Reached skill level 9 in Fighting
 10652 | D:8      | Noticed a deep elf pyromancer
 10666 | D:8      | Slain by a fire elemental

Illustrated notes

Levels and vault maps discovered:
D:1:      dpeg_arrival_windows_large_door, layout_basic,
          hellmonk_ecumenical_altar_run_dry, minmay_domino_2
D:2:      layout_loops_corners, minmay_misc_feat_tower, hex_tiny,
          kennysheep_generic_room_14
D:3:      layout_loops_ring
D:4:      layout_basic, gup_sewer_entry_pipe, minmay_starry_boxes
D:5:      layout_cave_pools, serial_shops, nicolae_stop_n_shop_2,
          nicolae_shop_advertising_works [nicolae_subvault_shop_adworks],
          nrook_mini_vaults, uniq_edmund
D:6:      layout_basic, lemuel_temple_firewalk_b
D:7:      layout_cave_pools, general_overflow_altar,
          eino_small_chamber_without_monster, uniq_duvessa
D:8:      minmay_the_grid_triangle_9x9_recursive_2
          [minmay_the_grid_triangle_9x9_prize_insulated,
          minmay_the_grid_triangle_9x9_semitri,
          minmay_the_grid_triangle_9x9_subtriangle,
          minmay_the_grid_triangle_9x9_checkered], layout_gridville,
          erik_lair_orcish_takeover, special_room [special_room_orc],
          nicolae_shop_clearance
Temple:   minmay_crystal_spiral_temple

Skill      XL: |  1  2  3  4  5  6  7  8  9 |
---------------+----------------------------+-----
Fighting       | 4 5 6 7 9 |  9.2
Maces & Flails | 3 4 5 6 8 |  8.1
Armour         | 4 5 6 |  6.9
Shields        | 4 5 6 |  6.9

Action                   |  1- 3 |  4- 6 |  7- 9 || total
-------------------------+-------+-------+-------++-------
Melee: Flail             |   103 |   323 |   402 ||   828
Invok: Heroism           |       |       |     2 ||     2
  Use: Scroll            |       |     6 |    10 ||    16
       Potion            |       |     1 |     8 ||     9
Armor: Scale mail        |    59 |   166 |       ||   225
       Ring mail         |       |    30 |    95 ||   125
       Plate armour      |       |       |   157 ||   157
Dodge: Dodged            |    77 |    83 |    69 ||   229
Block: Buckler           |    26 |    11 |       ||    37
       Tower shield      |       |   225 |   394 ||   619

Table legend: (Time is in decaauts)
 A = Elapsed time spent in this place.
 B = Non-inter-level travel time spent in this place.
 C = Inter-level travel time spent in this place.
 D = Time resting spent in this place.
 E = Time spent auto-exploring this place.
 F = Levels seen in this place.
 G = Mean time per level.
                   A        B        C        D        E       F      G
               +--------+--------+--------+--------+--------+-----+--------+
         Total |  11105 |  10559 |    546 |   2290 |   6206 |  10 | 1110.5 |
       Dungeon |  10059 |   9526 |    533 |   2290 |   5551 |   8 | 1257.4 |
        Temple |     14 |      2 |     12 |      0 |      0 |   1 |   14.0 |
         Sewer |   1031 |   1031 |      0 |      0 |    654 |   1 | 1031.0 |
               +--------+--------+--------+--------+--------+-----+--------+

Top non-repeatable levels by time:
     D:6: 2195 daAuts
     D:7: 2014 daAuts
     D:2: 1234 daAuts
     D:3: 1214 daAuts
     D:1: 1091 daAuts
   Sewer: 1031 daAuts
     D:4: 919 daAuts
     D:8: 708 daAuts
     D:5: 680 daAuts
  Temple: 14 daAuts
